 Dungeon Crawl Stone Soup version 0.29-a0-214-g17f627cfee (webtiles) character file.

Game seed: 13133023687180641126

1862 spaghetti the Nimble (level 8, -6/58 HPs)
             Began as a Demonspawn Fighter on Feb 24, 2022.
             Was an Initiate of Gozag.
             Mangled by Crazy Yiuf
             ... wielding a +3 quarterstaff of chaos
              (22 damage)
             ... on level 2 of the Dungeon on Feb 25, 2022.
             The game lasted 00:12:17 (6507 turns).

spaghetti the Nimble (Demonspawn Fighter)           Turns: 6507, Time: 00:12:17

Health: -6/58      AC: 11    Str: 16    XL:     8   Next: 89%
Magic:  11/11      EV: 13    Int: 12    God:    Gozag
Gold:   302        SH:  4    Dex: 13    Spells: 11/11 levels left

rFire   + + .      SeeInvis .   e - +3 hand axe (flame) {axe}
rCold   . . .      Faith    .   c - +0 buckler
rNeg    . . .      Spirit   .   b - +0 scale mail
rPois   .          Reflect  .   p - +0 helmet
rElec   .          Harm     .   (no cloak)
rCorr   .          Rampage  ∞   (no gloves)
Will    .....                   g - +3 pair of seven-league boots {Rampage+∞}
Stlth   ..........              (no amulet)
HPRegen 0.19/turn               o - ring of protection from fire
MPRegen 0.12/turn               l - ring of protection from fire

@: mighty, lethally poisoned (-6 -> -10)
A: ignite blood 1, powered by death 2
a: Renounce Religion, Potion Petition, Call Merchant, Bribe Branch


You were on level 2 of the Dungeon.
You worshipped Gozag.
Gozag was aware of your devotion.
You visited 2 branches of the dungeon, and saw 8 of its levels.

You collected 378 gold pieces.
You paid 76 gold pieces to Gozag.


Innate Abilities, Weirdness & Mutations

Your demonic aura sometimes causes spilled blood to erupt in flames.
You regenerate health from kills.


   Skills:
 - Level 3.0 Fighting
 - Level 1.7 Polearms
 - Level 2.6 Armour
 + Level 10.3 Dodging
 - Level 2.6 Shields
 - Level 2.0 Spellcasting


You had 11 spell levels left.
You didn't know any spells.
Your spell library contained the following spells:

 Spells                   Type           Power      Damage    Failure   Level
 Animate Armour           Summ/Erth      2%         N/A       100%        4
 Blade Hands              Tmut           0%         N/A       100%        5
 Iskenderun's Battlesphe  Conj           1%         2d6       100%        5
 Iron Shot                Conj/Erth      0%         9d1       100%        6
 Spellforged Servitor     Conj/Summ      0%         N/A       100%        7

Inventory:

Hand Weapons
 a - a +0 trident {polearm}
 e - a +3 hand axe of flaming (weapon) {axe}
   (You took it off Terence on level 2 of the Dungeon)
Missiles
 h - 115 stones (quivered) {throwing}
 j - 13 poisoned darts {throwing}
 n - 2 javelins {throwing}
 q - 6 boomerangs {throwing}
Armour
 b - a +0 scale mail (worn)
 c - a +0 buckler (worn)
 g - the +3 pair of seven-league boots (worn) {Rampage+∞}
   (You acquired it on level 2 of the Dungeon)

   Its wearer moves as far as possible in that direction when moving towards
   enemies.
 i - a +0 pair of boots
   (You found it on level 1 of the Dungeon)
 p - a +0 helmet (worn)
   (You found it on level 5 of the Dungeon)
Jewellery
 l - a ring of protection from fire (right hand)
   (You found it on level 4 of the Dungeon)
 o - a ring of protection from fire (left hand)
   (You found it on level 3 of the Dungeon)
Scrolls
 f - a scroll of brand weapon
 k - a scroll of enchant armour
 m - 2 scrolls of fear
 t - a scroll of holy word {!r}
 u - a scroll of enchant weapon
Potions
 r - 2 potions of degeneration {!q@e2}
 s - 2 potions of attraction {!q}
 v - a potion of flight

Dungeon Overview and Level Annotations

Branches:
Dungeon (7/15)             Temple (1/1) D:6

Altars:
Cheibriados
Dithmenos
Fedhas
Gozag
Hepliaklqana
Makhleb
Nemelex Xobeh
Okawaru
Qazlal
Uskayaw
Vehumet
Wu Jian
Yredelemnul
The Shining One

Shops:
D:1 =   D:2 *   D:5 =

Annotations:
D:2 Crazy Yiuf

#.....'........
####..#########
#..# ##### #'##
#)..# #.# #)..# #.#
)). #.# ### #g# #.#
#.. ♣@♣♣
#.########.# ♣♣.♣
#>.......... ♣)♣♣
#######....# ♣♣.♣
#.#### ♣♣)♣♣ #.#...
♣♣...♣ #.#.##
♣....♣ #.#.# ##..##
##### #.#.#
##....###...###.#.#


You could see Crazy Yiuf (berserk).


Message History

There is a stone staircase leading up here.
You climb upwards.
There is a stone staircase leading down here. 😕 HP[+4]
You regained 4 hp, and now have 53/58 hp.
(D) Dungeon (T) Temple
Where to? (Enter - D:6, ? - help)
There is a stone staircase leading up here.
You climb upwards.
There is a stone staircase leading down here.
(D) Dungeon (T) Temple
Where to? (Enter - D:5, ? - help)
You see here a +0 whip {mace}.
There is a stone staircase leading up here.
You climb upwards.
There is a stone staircase leading down here. 😕 HP[+3]
You regained 3 hp, and now have 56/58 hp.
(D) Dungeon (T) Temple
Where to? (Enter - D:4, ? - help)
There is a stone staircase leading up here.
You climb upwards.
There is a stone staircase leading down here. 😎 HP[+2]
Your hp is fully restored (58).
(D) Dungeon (T) Temple
Where to? (Enter - D:3, ? - help)
There is an open door here.
There is a stone staircase leading up here.
You climb upwards.
Level annotation: 1 runed translucent door, Crazy Yiuf
There is a stone staircase leading down here.
(D) Dungeon (T) Temple
Where to? (Enter - D:2, ? - help)
There is an open door here.
There is a stone staircase leading up here.
You climb upwards.
There is a stone staircase leading down here.
Search for what [Enter for "cloak", or ? for help]?
Okay, then.
Search for what [Enter for "cloak", or ? for help]? club You see here a +0 club {mace}.
Done exploring.
(D) Dungeon (T) Temple
Where to? (Enter - D:1 @ (x,y), ? - help)
There is a stone staircase leading down here.
You climb downwards.
Level annotation: 1 runed translucent door, Crazy Yiuf
There is a stone staircase leading up here.
You see here a quokka skeleton.
Things that are here:
a +0 robe; a +0 dagger {short}
There is an open door, spattered with blood here.
There is an open door here.
You see here a +0 mace {mace}.
Crazy Yiuf shouts!
Crazy Yiuf says, "Scoff!"
You see here a +0 mace {mace}.
You open the door.
Crazy Yiuf drinks a potion.
Crazy Yiuf goes berserk!
You aren't carrying any items that you can evoke.
Unknown command.
You close the door.
Crazy Yiuf breaks down the door.
It's broken and can't be closed.
It's broken and can't be closed.
It's broken and can't be closed.
Okay, then.
Okay, then.
Okay, then.
Okay, then.
Okay, then.
You aren't carrying any items that you can evoke.
You feel very mighty all of a sudden. Crazy Yiuf misses you.
You closely miss Crazy Yiuf. You block Crazy Yiuf's attack.
Crazy Yiuf barely misses you.
You barely miss Crazy Yiuf.
Crazy Yiuf hits you with a +3 quarterstaff of chaos.
Crazy Yiuf hits you with a +3 quarterstaff of chaos!
You are confused. 😮 HP[-18]
You take 18 damage, and now have 40/58 hp.
MASSIVE DAMAGE!! (PAUSE)
You slash Crazy Yiuf! You burn Crazy Yiuf.
Crazy Yiuf hits you with a +3 quarterstaff of chaos.
You are poisoned.
Crazy Yiuf misses you. 😮 HP[-1]
You take 1 damage, and now have 39/58 hp.
Unknown command.
Unknown command.
You bump into the stone wall.
You feel less confused.
You feel sick.
Crazy Yiuf hits you with a +3 quarterstaff of chaos!!
* * * LOW HITPOINT WARNING * * *
You convulse!!
You die...
Your body crumbles into a pile of gold.

Skill      XL: |  1  2  3  4  5  6  7  8 |
---------------+-------------------------+-----
Spellcasting   | 1 2 |  2.0
Dodging        | 1 2 4 6 8 10 | 10.3
Fighting       | |  3.0
Polearms       | |  1.7
Armour         | |  2.6
Shields        | |  2.6

Action                   |  1- 3 |  4- 6 |  7- 9 || total
-------------------------+-------+-------+-------++-------
Melee: Trident           |   163 |       |       ||   163
       Hand axe          |       |   152 |   135 ||   287
Throw: Stone             |       |     2 |     4 ||     6
  Use: Scroll            |     5 |     6 |     4 ||    15
       Potion            |     4 |     1 |     2 ||     7
Armor: Scale mail        |    90 |    64 |    77 ||   231
       Skin              |     4 |       |       ||     4
Dodge: Dodged            |    76 |    62 |    80 ||   218
Block: Buckler           |    42 |    25 |    36 ||   103

Levels and vault maps discovered:
D:1:      amcnicky_arrival_flooded_fountain, layout_loops_ring, serial_shops,
          nicolae_shop_crystal
D:2:      layout_basic, shapermc_ecumenical_altar_mp_highgroup, serial_shops,
          nicolae_shop_trees, kennysheep_generic_room_9, uniq_jessica,
          uniq_crazy_yiuf_cottage, uniq_terence
D:3:      layout_basic, st_stairs_7, corner_web_ring
D:4:      layout_basic
D:5:      layout_basic, nicolae_shop_unique_rings, minmay_misc_feat_doors
D:6:      layout_rooms, mainiacjoe_overflow_boulevard,
          minmay_temple_entry_ruins, minmay_misc_feat_tower
D:7:      layout_rooms
Temple:   mainiacjoe_temple_circle_huts

Notes
Turn   | Place    | Note
-------+----------+-------------------------------------------
     0 | D:1      | spaghetti the Demonspawn Fighter began the quest for the
                  | Orb.
     0 | D:1      | Reached XP level 1. HP: 18/18 MP: 1/1
     0 | D:1      | magus.rc [v1.9.6]
     2 | D:1      | You pick up a book of Iron and begin reading...
     2 | D:1      | You add the spells Animate Armour, Blade Hands and Iron
                  | Shot to your library.
   104 | D:1      | Reached skill level 1 in Spellcasting
   186 | D:1      | Gained mutation: Your demonic aura sometimes causes spilled
                  | blood to erupt in flames. [demonic ancestry]
   186 | D:1      | Reached XP level 2. HP: 24/24 MP: 2/4
   300 | D:1      | Found Aczoll's Jewellery Emporium.
   438 | D:1      | Reached skill level 2 in Spellcasting
   539 | D:1      | Reached skill level 1 in Dodging
   920 | D:2      | Reached XP level 3. HP: 29/29 MP: 6/6
  1417 | D:2      | Reached skill level 2 in Dodging
  1639 | D:2      | Noticed Terence
  1640 | D:2      | Identified a scroll of acquirement
  1640 | D:2      | Acquired the +3 pair of seven-league boots {Rampage+∞}
  1640 | D:2      | Found the +3 pair of seven-league boots {Rampage+∞}
  1651 | D:2      | Killed Terence
  1652 | D:2      | Reached XP level 4. HP: 35/35 MP: 7/7
  1790 | D:2      | Found Dyvits's General Store.
  1826 | D:2      | Found a faded altar of an unknown god.
  1851 | D:2      | Noticed Jessica
  1859 | D:2      | Killed Jessica
  1860 | D:2      | Reached skill level 3 in Dodging
  1964 | D:2      | Found a runed translucent door.
  1965 | D:2      | Noticed Crazy Yiuf
  2174 | D:3      | Noticed a centaur
  2184 | D:3      | HP: 8/35 [centaur/arrow (10)]
  2187 | D:3      | HP: 1/35 [centaur (6)]
  2188 | D:3      | Killed a centaur
  2189 | D:3      | Reached skill level 4 in Dodging
  2189 | D:3      | Reached XP level 5. HP: 1/41 MP: 8/8
  3252 | D:4      | You pick up a book of Iron and begin reading...
  3444 | D:4      | Reached XP level 6. HP: 28/47 MP: 9/9
  3660 | D:3      | Reached skill level 5 in Dodging
  4053 | D:5      | Entered Level 5 of the Dungeon
  4295 | D:5      | Noticed a sky beast
  4312 | D:5      | Killed a sky beast
  4313 | D:5      | Reached skill level 6 in Dodging
  4451 | D:5      | Gained mutation: You regenerate a little health from kills.
                  | [demonic ancestry]
  4451 | D:5      | Reached XP level 7. HP: 52/52 MP: 10/10
  4479 | D:5      | Found Licruuthi's One-of-a-Kind Rings.
  4940 | D:5      | Reached skill level 7 in Dodging
  5192 | D:6      | Reached skill level 8 in Dodging
  5315 | D:6      | Gained mutation: You regenerate health from kills. [demonic
                  | ancestry]
  5315 | D:6      | Reached XP level 8. HP: 36/58 MP: 11/11
  5416 | D:6      | Found a staircase to the Ecumenical Temple.
  5429 | Temple   | Entered the Ecumenical Temple
  5522 | Temple   | Became a worshipper of Gozag Ym Sagoz the Greedy
  5647 | D:6      | Noticed a komodo dragon
  5666 | D:6      | Killed a komodo dragon
  5667 | D:6      | Reached skill level 9 in Dodging
  5858 | D:6      | Reached skill level 10 in Dodging
  6058 | D:6      | Found a shadowy altar of Dithmenos.
  6120 | D:6      | You pick up a book of Power and begin reading...
  6120 | D:6      | You add the spells Iskenderun's Battlesphere and
                  | Spellforged Servitor to your library.
  6507 | D:2      | Mangled by Crazy Yiuf

Vanquished Creatures
  A komodo dragon (D:6)
  A water moccasin (D:6)
  2 ice beasts (D:6)
  2 sky beasts
  A phantom (D:6)
  3 centaurs
  A bullfrog (D:6)
  A water moccasin zombie (D:5)
  3 scorpions
  A howler monkey (D:5)
  A gnoll shaman (D:5)
  An orc priest (D:7)
  A bullfrog skeleton (D:5)
  A centaur skeleton (D:6)
  Jessica (D:2)
  Terence (D:2)
  A hound skeleton (D:5)
  11 gnolls
  6 adders
  A white imp (D:6)
  An adder zombie (D:5)
  6 worms
  A dart slug (D:1)
  6 orcs
  9 endoplasms
  4 giant cockroaches
  8 goblins
  5 hobgoblins
  3 jackals (D:2)
  7 kobolds
  5 quokkas
  6 ball pythons
  8 bats
  5 frilled lizards
  2 rats
117 creatures vanquished.

Table legend:
 A = Non-vault XP
 B = Vault XP
 C = Vault XP percentage of total XP
 D = Non-vault monster count
 E = Vault monster count
 F = Vault count percentage of total count
                 A         B        C        D         E       F
            +---------+---------+-------+---------+---------+-------
      Total |    2581 |      79 |   3.0 |     113 |       4 |   3.4
            +---------+---------+-------+---------+---------+-------
        D:1 |      40 |       0 |   0.0 |      23 |       0 |   0.0
        D:2 |      61 |      74 |  54.8 |      22 |       3 |  12.0
        D:3 |     198 |       5 |   2.5 |      20 |       1 |   4.8
        D:4 |     119 |       0 |   0.0 |      16 |       0 |   0.0
        D:5 |     581 |       0 |   0.0 |      13 |       0 |   0.0
        D:6 |    1451 |       0 |   0.0 |      16 |       0 |   0.0
        D:7 |     131 |       0 |   0.0 |       3 |       0 |   0.0
            +---------+---------+-------+---------+---------+-------

Illustrated notes

Table legend:
 A = Kills in this place as a percentage of kills in entire the game.
 B = Kills by you in this place as a percentage of kills by you in the entire game.
 C = Kills by friends in this place as a percentage of kills by friends in the entire game.
 D = Other kills in this place as a percentage of other kills in the entire game.
 E = Experience gained in this place as a percentage of experience gained in the entire game.
 F = Experience gained in this place divided by the number of levels of this place that you have seen.
                   A       B       C       D       E      F
               +-------+-------+-------+-------+-------+----------------------
         Total | 100.0 | 100.0 |   N/A |   N/A | 100.0 | 332.5
       Dungeon | 100.0 | 100.0 |   N/A |   N/A | 100.0 | 380.0
               +-------+-------+-------+-------+-------+----------------------

Table legend: (Time is in decaauts)
 A = Elapsed time spent in this place.
 B = Non-inter-level travel time spent in this place.
 C = Inter-level travel time spent in this place.
 D = Time resting spent in this place.
 E = Time spent auto-exploring this place.
 F = Levels seen in this place.
 G = Mean time per level.
                   A        B        C        D        E       F      G
               +--------+--------+--------+--------+--------+-----+--------+
         Total |   6641 |   6246 |    395 |   1375 |   3840 |   8 |  830.1 |
       Dungeon |   6535 |   6152 |    383 |   1375 |   3767 |   7 |  933.6 |
        Temple |    105 |     93 |     12 |      0 |     73 |   1 |  105.0 |
               +--------+--------+--------+--------+--------+-----+--------+

Top non-repeatable levels by time:
     D:3: 1256 daAuts
     D:2: 1233 daAuts
     D:6: 1084 daAuts
     D:5: 1024 daAuts
     D:1: 951 daAuts
     D:4: 873 daAuts
     D:7: 111 daAuts
  Temple: 105 daAuts
